[Event "Late-Titled-Tuesday-Blitz-March-26-2024"]
[Site "Chess.com"]
[Date "2024.03.26"]
[Round "6"]
[White "bazar-wokzal"]
[Black "Blackmind96"]
[Result "0-1"]
[WhiteElo "2568"]
[BlackElo "2740"]
[TimeControl "180+1"]
[EndTime "15:09:15 PDT"]
[Termination "Blackmind96 won on time"]

1. e4 c5 2. c3 d5 3. exd5 Qxd5 4. d4 Nc6 5. Nf3 Bf5 6. Be3 Nf6 7. dxc5 O-O-O 8. Qa4 Ne4 9. Bc4 Nxc5 10. Bxd5 Nxa4 11. Bxc6 bxc6 12. O-O f6 13. b3 Nb6 14. a4 Kb7 15. c4 e5 16. a5 Nd7 17. a6+ Kb8 18. Nc3 Bc5 19. Rfd1 Bxe3 20. fxe3 Nb6 21. e4 Be6 22. c5 Nc8 23. b4 Kc7 24. b5 Rxd1+ 25.
Rxd1 Bc4 26. bxc6 Kxc6 27. Nd5 Kxc5 28. Rc1 Nd6 29. Ne3 Rb8 30. Nd2 Rb4 31. Ndxc4 Nxc4 32.
Nf5 g6 33. Ne7 Rb6 34. Ra1 Nd2 35. Nc8 Rb8 36. Nxa7 Ra8 37. Rc1+ Kb6 38. Nc8+ Kxa6 39. Nd6 Rd8 40. Rc6+ Ka7 41. Nb5+ Kb7 42. Rxf6 Nxe4 43. Rf1 Kb6 44. Re1 Kxb5 45. Rxe4 Re8 46. Kf2 Kc5 47. Ke3 Kd5 48. Ra4 Re7 49. Ra5+ Ke6 50. Ke4 Kf6 51.
Ra6+ Kg5 52. Ra5 Kf6 53. Ra6+ Re6 54. Ra7 h5 55. h4 Rb6 56. Ra4 Rb2 57. Ra6+ Kg7 58. g3 Rb3 59. Kxe5 Rxg3 60. Ra4 Rf3 61.
Ke4 Rf7 62. Ke3 Rf6 63. Rf4 Ra6 64. Kf3 Ra3+ 65. Kg2 Ra1 66. Kg3 Rh1 67. Kg2 Rb1 68. Kg3 Kh6 69. Kg2 Rb6 70. Kg3 Kg7 71. Kg2 Rf6 72.
Ra4 Kf7 73. Kg3 Re6 74. Ra7+ Kf6 75. Ra4 Re3+ 76. Kg2 Kf5 77. Rb4 Re4 0-1

[Event "Late-Titled-Tuesday-Blitz-March-26-2024"]
[Site "Chess.com"]
[Date "2024.03.26"]
[Round "6"]
[White "snowlord"]
[Black "Konavets"]
[Result "1-0"]
[WhiteElo "2958"]
[BlackElo "3141"]
[TimeControl "180+1"]
[EndTime "15:09:19 PDT"]
[Termination "snowlord won by resignation"]

1. d4 Nf6 2. c4 e5 3. dxe5 Ng4 4. Bf4 g5 5. Bg3 Bg7 6. Nf3 Nc6 7. Nc3 Ngxe5 8.
Nxe5 Nxe5 9. e3 d6 10. h4 g4 11. h5 h6 12. c5 O-O 13. cxd6 cxd6 14. Be2 Be6 15. Rc1 Rc8 16. O-O d5 17. Nb5 Rxc1 18. Qxc1 Nc6 19. Qc5 a6 20. Nc7 Be5 21. Nxe6 fxe6 22.
Bxg4 Bxg3 23. fxg3 Rxf1+ 24. Kxf1 Kf7 25. Kg1 Qg5 26. Bf3 Qxg3 27. Qb6 Qb8 28. Bg4 Qc8 29. Qc5 Qd8 30. Qc2 Qg5 31. Qh7+ Kf6 32. Qh8+ Ke7 33. Qh7+ Kd6 34. Qg6 Qxe3+ 35. Kh1 Nd4 36. Qg8 Qc1+ 37.
Kh2 Qf4+ 38. Kh1 Qf6 39. Qb8+ Kc6 40. b4 Qe7 41. Qc8+ Kb6 42. Qc3 e5 43. a4 Ka7 44. b5 axb5 45. Qa5+ Kb8 46. axb5 Qh4+ 47. Bh3 Qe7 48. b6 Nc6 49. Qxd5 e4 50. Bg4 e3 51. Qg8+ Qd8 52. Qg7 Qxb6 53. Qxh6 Qd4 54. Qf8+ Kc7 55. Qf7+ Kb6 56. Qb3+ Kc5 57. Qe6 Ne5 58.
Be2 Qh4+ 59. Kg1 Qf2+ 60. Kh2 Qh4+ 61. Kg1 Qe1+ 62. Kh2 Qxe2 63. Qxe5+ Kc4 64. h6 Qd3 65. Qc7+ Kb3 66. h7 e2 67. h8=Q e1=Q 68. Qxb7+ Qb4 69. Qxb4+ Kxb4 70. Qf8+ Kb5 71. Qf6 Qh7+ 72. Kg3 Qg8+ 73.
Kf3 Qd5+ 74. Kf2 Qd2+ 75. Kg3 Qe3+ 76. Qf3 Qe1+ 77. Kg4 Kc5 78. Qf5+ Kd6 79. g3 Ke7 80. Kf4 Qf2+ 81. Kg4 Qe1 82. Qf4 Qe6+ 83. Kg5 Qg8+ 84. Kh4 Qh7+ 85. Kg4 Qh1 86. Qg5+ Kf7 87. Qh5+ 1-0

[Event "Late-Titled-Tuesday-Blitz-March-26-2024"]
[Site "Chess.com"]
[Date "2024.03.26"]
[Round "6"]
[White "vangulio"]
[Black "bilelou"]
[Result "1/2-1/2"]
[WhiteElo "2559"]
[BlackElo "2703"]
[TimeControl "180+1"]
[EndTime "15:09:31 PDT"]
[Termination "Game drawn - insufficient material"]

1. e4 c5 2. Nf3 g6 3. d4 cxd4 4. Qxd4 Nf6 5. e5 Nc6 6. Qa4 Nd5 7. Qb3 Nc7 8. Bc4 Ne6 9. O-O Bg7 10. Re1 O-O 11.
Nc3 a6 12. Bd5 b5 13. a4 b4 14. Bxc6 dxc6 15. Qxb4 c5 16. Qh4 Bb7 17. Ng5 Nxg5 18. Bxg5 Qd4 19. Bxe7 Rfe8 20. Bf6 Qxh4 21. Bxh4 Bxe5 22.
Rad1 Bc6 23. a5 Rab8 24. Rxe5 Rxe5 25. Bg3 Ree8 26. Bxb8 Rxb8 27. b3 c4 28. Rb1 cxb3 29. Rxb3 Rc8 30. f3 Bd7 31. Kf2 Be6 32. Ra3 Kg7 33.
Ke3 Kf6 34. Ne4+ Ke5 35. c3 Bd5 36. Nf2 Bc4 37. Ne4 f5 38. Nd2 f4+ 39. Kf2 Bd3 40.
c4 Bf5 41. Rb3 Kd4 42. Rb6 Kc3 43. Nf1 Rxc4 44. Rxa6 Kb4 45. Ra7 Rc2+ 46. Ke1 Rc1+ 47.
Ke2 Rc2+ 48. Kd1 Rxg2 49. a6 Bd3 50. Rb7+ Kc5 51. a7 Ra2 52. Rc7+ Kd4 53. Nd2 Ke3 54. Nb3 Ra3 55. Re7+ Kxf3 56. Nc1 Be4 57. Rc7 Bd5 58. Rc5 Ke4 59. Kd2 f3 60. Rc3 Rxa7 61. Rd3 Ra5 62.
Re3+ Kd4 63. Rd3+ Kc5 64. Re3 Kd6 65. Ke1 Ra4 66. Nd3 Ra1+ 67. Kf2 Ra2+ 68. Kg3 Re2 69. Rxe2 fxe2 70. Kf2 Bc4 71. Nf4 Ke5 72. Nh3 Kf5 73.
Ng1 g5 74. Nf3 g4 75. Nd4+ Kg5 76. Nc2 Kf4 77. Ne3 Bd3 78. Ng2+ Kg5 79. Ne1 Ba6 80. Kg3 h5 81. h4+ Kf5 82. Ng2 Ke4 83. Kf2 Bc4 84. Ne1 Kf4 85. Ng2+ Ke4 86. Ne1 Kd4 87. Ng2 Bd5 88.
Nf4 Bf3 89. Nxh5 Ke5 90. Ng3 Kf4 91. Nxe2+ Bxe2 92. Kxe2 g3 93. h5 Kg5 94. Kf3 Kh6 95. Kxg3 Kxh5 1/2-1/2

[Event "Late-Titled-Tuesday-Blitz-March-26-2024"]
[Site "Chess.com"]
[Date "2024.03.26"]
[Round "6"]
[White "steepedgames"]
[Black "Navyblue1"]
[Result "1-0"]
[WhiteElo "2532"]
[BlackElo "2266"]
[TimeControl "180+1"]
[EndTime "15:09:44 PDT"]
[Termination "steepedgames won by resignation"]

1. d4 Nf6 2. Bg5 Ne4 3. Bf4 c5 4. f3 Qa5+ 5. c3 Nf6 6. Nd2 d5 7. Nb3 Qd8 8. Bxb8 Rxb8 9. Nxc5 b6 10. Qa4+ Nd7 11. Nd3 Qc7 12. e4 e6 13. Ne5 Bd6 14.
Nxd7 Bxd7 15. Bb5 Rd8 16. e5 Be7 17. Ne2 O-O 18. O-O Bxb5 19. Qxb5 Qb7 20. f4 a6 21. Qd3 f5 22. exf6 Rxf6 23. f5 exf5 24. Rxf5 Rdf8 25. Raf1 b5 26. a3 Qd7 27. Ng3 Bd8 28. Rxf6 Rxf6 29. Rxf6 Bxf6 30. Qf5 Qxf5 31. Nxf5 Bg5 32. Kf2 Bc1 33.
Ne3 Bxb2 34. Nxd5 Bxa3 35. Ke3 Bd6 36. g3 a5 37. Kd3 Kf7 38. c4 bxc4+ 39. Kxc4 a4 40.
Nc3 a3 41. Kb3 Ke6 42. Nb5 Kd5 43. g4 Bxh2 44. Kxa3 Bg1 45. Kb3 Bxd4 46. Kc2 Bf6 47. Kd3 Ke5 48. Ke3 Bg5+ 49. Kf3 g6 50. Na3 Be7 51.
Nc4+ Kd5 52. Ne3+ Ke6 53. Ke4 Bf6 54. Nd5 Bd8 55. Nf4+ Kf6 56. Kf3 Be7 57. Nd5+ Ke6 58. Nf4+ Kf6 59. Nd5+ Ke6 60. Nc3 Bf6 61. Ne4 h6 62.
Kg3 Be5+ 63. Kf3 Kf7 64. Nc5 Kf6 65. Nd3 Ke6 66. Nf2 Bf6 67. Ne4 Be5 68. Nd2 Kd5 69. Ne4 Bd4 70. Ng3 Ke6 71. Ke4 Be5 72. Nf1 g5 73. Ne3 Bf6 74. Nf5 Bb2 75. Nxh6 Bc1 76. Nf5 Kf6 77. Nd4 Kg6 78. Ne2 Bd2 79. Ng3 Bf4 80. Nf5 Bc1 81. Kd5 Bf4 82. Ke6 Bc1 83. Ne7+ Kg7 84. Kf5 Bf4 85. Nd5 Bc1 86. Nc3 Kh6 87. Ne4 Be3 88. Nd6 Bf4 89. Nf7+ Kg7 90. Nxg5 Bxg5 91. Kxg5 Kf7 92. Kh6 Kg8 93. Kg6 Kh8 94.
g5 Kg8 95. Kf6 Kf8 96. Kg6 Kg8 97. Kf6 Kh7 98. g6+ Kg8 99. g7 1-0

[Event "Late-Titled-Tuesday-Blitz-March-26-2024"]
[Site "Chess.com"]
[Date "2024.03.26"]
[Round "6"]
[White "carokannlover213"]
[Black "SaqoChess_Twitch"]
[Result "1-0"]
[WhiteElo "2835"]
[BlackElo "2655"]
[TimeControl "180+1"]
[EndTime "15:09:46 PDT"]
[Termination "carokannlover213 won by checkmate"]

1. e4 c5 2. Nf3 d6 3. Bb5+ Bd7 4. Bxd7+ Qxd7 5. O-O Nc6 6. c4 Nf6 7. Nc3 e6 8. d4 cxd4 9. Nxd4 Be7 10. f3 O-O 11. Be3 Rfc8 12. b3 Rd8 13. Rc1 d5 14. cxd5 exd5 15. Nxc6 bxc6 16. exd5 Nxd5 17. Nxd5 cxd5 18. Qd3 a5 19. Rfd1 a4 20. Bb6 Rdb8 21. Bf2 axb3 22. axb3 h6 23. Bg3 Rb7 24. h3 Qb5 25. Qf5 Qd7 26.
Qc2 Bf6 27. Kh2 d4 28. Qe4 Re8 29. Qd3 Re3 30. Qxe3 dxe3 31. Rxd7 Rxd7 32. b4 e2 33. Rc2 Re7 34. Be1 Bd4 35. g3 f5 36. Kg2 g5 37.
Rc4 Be3 38. Rc2 Bd4 39. Rd2 Bb6 40. Rd6 Be3 41. Rc6 h5 42. g4 hxg4 43. hxg4 f4 44. Rc2 Bd4 45. Rc4 Be3 46. Rc2 Bd4 47. Rd2 Be3 48.
Rxe2 Kf7 49. Rc2 Rd7 50. Kf1 Rd1 51. Rb2 Bd4 52. Rb3 Ke6 53. Ke2 Ra1 54. b5 Kd5 55.
b6 Ra8 56. b7 Rb8 57. Kd3 Be5 58. Rb5+ Ke6 59. Ke4 Bd6 60. Bc3 Kd7 61. Kd5 Kc7 62. Ba5+ Kd7 63. Bc3 Bc7 64. Bb4 Bd8 65. Bd6 Bc7 66.
Bc5 Bd8 67. Ba7 Bc7 68. Bxb8 Bxb8 69. Ke4 Kc6 70. Rxg5 Kxb7 71. Rf5 Kc6 72. Rxf4 Bd6 73. Rf5 Kd7 74. Kd3 Ke6 75. Ke2 Be7 76. Kf1 Bf6 77. Kg2 Be5 78. Kh3 Bf6 79. Kg2 Be5 80. Kf1 Bf6 81.
Ke2 Be5 82. Kd2 Bf6 83. Kd3 Be5 84. Ke4 Bf6 85. f4 Be7 86. Re5+ Kf7 87. Rd5 Bf6 88.
Rd3 Kg6 89. Rd1 Bg7 90. Rf1 Bf6 91. Rh1 Bg7 92. Rb1 Bf6 93. Rb6 Kf7 94. Kf5 Bg7 95.
Rb7+ Kg8 96. g5 Kh7 97. Kg4 Kg6 98. f5+ Kh7 99. Kh5 Kh8 100. Kg6 Bf8 101. Rb8 Kg8 102. Ra8 Kh8 103. Re8 Kg8 104. Rd8 Kh8 105. Rxf8# 1-0

[Event "Late-Titled-Tuesday-Blitz-March-26-2024"]
[Site "Chess.com"]
[Date "2024.03.26"]
[Round "6"]
[White "Andrei_Skvortsov"]
[Black "Fandorine"]
[Result "0-1"]
[WhiteElo "2709"]
[BlackElo "2902"]
[TimeControl "180+1"]
[EndTime "15:10:17 PDT"]
[Termination "Fandorine won by resignation"]

1. e4 g6 2. d4 Bg7 3. h3 d6 4. Nf3 Nf6 5. Bd3 O-O 6. O-O Nc6 7. c3 Nd7 8. Re1 e5 9. Bc2 Qe8 10. a4 Kh8 11. Na3 a6 12. Nc4 b6 13. Bg5 Bb7 14.
Qd2 f6 15. Bh6 Qf7 16. Bxg7+ Qxg7 17. Ne3 Ne7 18. dxe5 fxe5 19. Ng5 Nf6 20. Ne6 Qh6 21. Nxf8 Rxf8 22. Nc4 g5 23. Re3 Ng6 24. Rae1 Nf4 25. Rg3 Bc8 26. Ne3 Qh4 27. Nf5 Bxf5 28. exf5 g4 29.
Ree3 gxh3 30. gxh3 N4h5 31. Rg2 Nf4 32. Rgg3 N6h5 33.
Kh2 Nxg3 34. Rxg3 Qf6 35. Qe3 Rg8 36. Qf3 Rf8 37. c4 a5 38. b3 Qf7 39. Be4 Qh5 40. Rg4 Qh6 41. Qg3 Qf6 42. h4 Nh5 43. Qf3 Ng7 44. Rg5 h6 45. Rg6 Qxg6 46. fxg6 Rxf3 47. Bxf3 Nf5 48. Kh3 Kg7 49. h5 Nd4 50. Bd1 Kf6 51. Kg4 Ne6 52. Kf3 Nc5 53. Ke3 Ne6 54. Ke4 c6 55.
Ke3 d5 56. cxd5 cxd5 57. Kd3 Ng7 58. Ke3 Kg5 59. Kd3 Kf4 60. Kd2 Ke4 61. Be2 Kd4 62. Bd1 e4 63. Be2 Ke5 64. Bd1 d4 65. Be2 Kf4 66.
Bd1 Ne6 67. Be2 d3 68. Bd1 Ng7 69. Kc3 e3 70. Kxd3 exf2 71. Ke2 Nxh5 72. Kxf2 Ng7 73. Kg2 Kg5 74. Kg3 Kxg6 75. Kf4 Kf6 76. Ke4 Ke6 77. Kd4 Kd6 78. Ke4 Ne6 79. Kf5 Nd4+ 80. Kg6 Kc5 81. Kxh6 Kb4 82. Kg5 Nxb3 83. Kf4 Nc5 84. Ke3 Nxa4 85.
Kd2 b5 86. Kc1 Nb6 87. Kb2 a4 88. Ka2 Ka5 89. Be2 b4 90. Kb2 Nd7 91. Bc4 Kb6 92. Be6 Ne5 93. Bd5 Kc5 94. Bg8 Nc4+ 95. Ka2 b3+ 96.
Kb1 Kb4 97. Ka1 a3 98. Bf7 Kc3 99. Be6 Na5 100. Bf7 Nc6 101. Bd5 Nd4 102. Be4 Nc2+ 0-1

[Event "Late-Titled-Tuesday-Blitz-March-26-2024"]
[Site "Chess.com"]
[Date "2024.03.26"]
[Round "6"]
[White "Heydarli77"]
[Black "dasatcu90"]
[Result "1/2-1/2"]
[WhiteElo "2457"]
[BlackElo "2243"]
[TimeControl "180+1"]
[EndTime "15:10:39 PDT"]
[Termination "Game drawn by repetition"]

1. d4 d5 2. c4 c6 3. cxd5 cxd5 4. Nc3 Nf6 5. Bf4 a6 6. Nf3 Nc6 7.
e3 Bg4 8. Bd3 Rc8 9. O-O e6 10.
Rc1 Bd6 11. Bg5 h6 12. Bh4 b5 13. h3 Bxf3 14. Qxf3 Be7 15. Nb1 O-O 16. Nd2 Na5 17.
Qe2 Nc4 18. b3 Nxd2 19. Qxd2 Ba3 20. Rc2 Qe7 21. f4 Bb4 22. Qc1 Ba3 23. Bxf6 gxf6 24.
Qd1 f5 25. Qh5 Qf6 26. Rff2 Kh8 27. Kh2 Bd6 28. g4 fxg4 29. hxg4 Rxc2 30. Rxc2 Bxf4+ 31. exf4 Qxf4+ 32. Kh1 Qf3+ 33. Kg1 Qe3+ 34. Rf2 Qxd3 35. Qxh6+ Kg8 36. Qg5+ Qg6 37. Qe5 Rc8 38. Kh2 Rc3 39.
Qh5 Qxh5+ 40. gxh5 Rd3 41. Rf4 Rd2+ 42. Kg3 Rxa2 43.
Kh4 Rb2 44. Rf3 Rd2 45. Kg5 Rxd4 46. Kf6 Rg4 47. Rc3 Rf4+ 48. Kg5 Rf5+ 49. Kh6 Rf6+ 50. Kg5 Rf5+ 51. Kg4 Kg7 52. Rc6 a5 53. Ra6 a4 54.
bxa4 bxa4 55. Rxa4 Re5 56. Ra7 Rf5 57. Rd7 Kh6 58.
Rd8 Rg5+ 59. Kf4 Rxh5 60. Rh8+ Kg6 61. Rg8+ Kf6 62. Ra8 Rh4+ 63. Kg3 Re4 64. Kf3 Ke5 65.
Ra7 f5 66. Ra3 Rf4+ 67. Ke3 Rg4 68. Kf3 d4 69. Ra5+ Kf6 70. Ra6 Kg5 71. Rxe6 d3 72. Rd6 Rh4 73. Kg3 Rg4+ 74. Kf3 Rh4 75. Kg3 f4+ 76.
Kg2 Kf5 77. Rxd3 Ke4 78. Rd8 Rg4+ 79. Kf2 Rg7 80. Re8+ Kf5 81. Kf3 Rf7 82. Re4 Kg5 83. Ra4 Rf5 84. Ra6 Rb5 85. Ra3 Rc5 86. Rd3 Kf5 87.
Rb3 Ke5 88. Ra3 Rb5 89. Rc3 Kd4 90. Ra3 Ke5 91. Ra4 Rb3+ 92. Kf2 Kf5 93. Ra5+ Kg4 94. Ra8 Rb2+ 95. Kf1 Kg3 96. Rg8+ Kf3 97. Kg1 Rb1+ 98. Kh2 Kf2 99. Ra8 f3 100. Ra2+ Ke3 101. Kg3 Rg1+ 102. Kh2 Rg7 103. Ra3+ Kf4 104. Ra4+ Ke5 105. Ra5+ Ke4 106. Ra4+ Ke3 107. Ra3+ Ke2 108. Ra2+ Kd1 109. Ra1+ Kc2 110. Rf1 Rg2+ 111. Kh1 Rg3 112. Kh2 Rg2+ 113. Kh1 Rg3 114. Kh2 Rg2+ 1/2-1/2

[Event "Late-Titled-Tuesday-Blitz-March-26-2024"]
[Site "Chess.com"]
[Date "2024.03.26"]
[Round "7"]
[White "BardArtem"]
[Black "Beca95"]
[Result "1/2-1/2"]
[WhiteElo "2839"]
[BlackElo "2954"]
[TimeControl "180+1"]
[EndTime "15:11:59 PDT"]
[Termination "Game drawn by repetition"]

1. e4 e5 2. d4 exd4 3. Qxd4 Nc6 4. Qd3 Nf6 5. Nc3 d5 6. Bf4 d4 7. Nb5 Bb4+ 8. c3 dxc3 9. Qxd8+ Kxd8 10. bxc3 Ba5 11.
O-O-O+ Bd7 12. f3 a6 13. Nd4 Nxd4 14. cxd4 Ba4 15. Rd3 Bb5 16. Rd1 Ba4 17. Rd3 Bb5 18. Rd1 Ba4 1/2-1/2

[Event "Late-Titled-Tuesday-Blitz-March-26-2024"]
[Site "Chess.com"]
[Date "2024.03.26"]
[Round "7"]
[White "Alexander_Donchenko"]
[Black "Sanan_Sjugirov"]
[Result "1-0"]
[WhiteElo "2886"]
[BlackElo "2990"]
[TimeControl "180+1"]
[EndTime "15:12:38 PDT"]
[Termination "Alexander_Donchenko won by resignation"]

1. e4 c5 2. Nf3 Nc6 3. Bb5 g6 4. O-O Bg7 5. c3 Nf6 6. Re1 O-O 7. d4 d5 8. e5 Ne4 9. Be3 Qb6 10. Qe2 cxd4 11.
cxd4 Bf5 12. Nc3 Nxc3 13. bxc3 Na5 14. Nh4 Be6 15. f4 Nc4 16. Bxc4 dxc4 17. d5 1-0

[Event "Late-Titled-Tuesday-Blitz-March-26-2024"]
[Site "Chess.com"]
[Date "2024.03.26"]
[Round "7"]
[White "N_Mullodzhanov"]
[Black "1g60-1"]
[Result "1-0"]
[WhiteElo "2552"]
[BlackElo "2397"]
[TimeControl "180+1"]
[EndTime "15:13:20 PDT"]
[Termination "N_Mullodzhanov won by resignation"]

1. e4 e6 2. d4 d5 3. Nc3 Bb4 4. Bd3 dxe4 5. Bxe4 Nf6 6. Bf3 c6 7. Ne2 O-O 8. O-O Nbd7 9. Bf4 Qe7 10. Qd3 h6 11.
Rfe1 Bd6 12. Rad1 Bxf4 13. Nxf4 Qd6 14. g3 b6 15. Nb5 Qb4 16. Bxc6 Rb8 17. c3 Qxb2 18. Re2 1-0

[Event "Late-Titled-Tuesday-Blitz-March-26-2024"]
[Site "Chess.com"]
[Date "2024.03.26"]
[Round "7"]
[White "JaackCamel"]
[Black "Heydarli77"]
[Result "0-1"]
[WhiteElo "2188"]
[BlackElo "2460"]
[TimeControl "180+1"]
[EndTime "15:13:36 PDT"]
[Termination "Heydarli77 won by resignation"]

1. d4 d5 2. c4 dxc4 3. Nf3 c5 4. d5 e6 5. e4 exd5 6. exd5 Nf6 7.
Bxc4 a6 8. a4 Bd6 9. O-O O-O 10.
Nc3 Bg4 11. Bg5 Nbd7 12. Ne4 Be5 13. h3 Bxf3 14. Qxf3 h6 15. Bh4 Qb6 16. Rab1 Rfe8 17. b3 Nxe4 18. d6 Nxd6 0-1

[Event "Late-Titled-Tuesday-Blitz-March-26-2024"]
[Site "Chess.com"]
[Date "2024.03.26"]
[Round "7"]
[White "only_strong_moves"]
[Black "FMYiLiu"]
[Result "1-0"]
[WhiteElo "2693"]
[BlackElo "2513"]
[TimeControl "180+1"]
[EndTime "15:13:43 PDT"]
[Termination "only_strong_moves won by resignation"]

1. Nc3 d5 2. e4 e6 3. exd5 exd5 4. d4 Nf6 5. Bd3 Bd6 6. Nge2 O-O 7. h3 c6 8. O-O b6 9. Ng3 Ba6 10. Nf5 Re8 11.
Qf3 Bf8 12. Bg5 Bxd3 13. Nh6+ gxh6 14. Bxf6 Qd6 15. cxd3 Bg7 16. Bxg7 Kxg7 17. Rae1 Nd7 18. Qg4+ Kf8 19. Re3 Nf6 20. Qh4 Rxe3 21. Qxh6+ Ke7 22.
fxe3 Rg8 23. Ne2 Rg6 24. Qh4 Qe6 25. Rf3 1-0

[Event "Late-Titled-Tuesday-Blitz-March-26-2024"]
[Site "Chess.com"]
[Date "2024.03.26"]
[Round "7"]
[White "Romkachess"]
[Black "Slovineanu"]
[Result "1-0"]
[WhiteElo "2697"]
[BlackElo "2507"]
[TimeControl "180+1"]
[EndTime "15:13:55 PDT"]
[Termination "Romkachess won by resignation"]

1. e4 e5 2. d4 exd4 3. Qxd4 Nc6 4. Qe3 Nf6 5. Nc3 Bb4 6. Bd2 O-O 7. O-O-O Re8 8.
Qg3 Nxe4 9. Nxe4 Rxe4 10. c3 Be7 11. Bd3 Ra4 12. h4 Rxh4 13. Nf3 Rxh1 14. Rxh1 g6 15. Ng5 d6 16. Nxf7 Qf8 17. Rxh7 Qxf7 18. Rxf7 Kxf7 19. Qxg6+ 1-0

[Event "Late-Titled-Tuesday-Blitz-March-26-2024"]
[Site "Chess.com"]
[Date "2024.03.26"]
[Round "7"]
[White "Zampronha1971"]
[Black "xakevicius91"]
[Result "0-1"]
[WhiteElo "2381"]
[BlackElo "2544"]
[TimeControl "180+1"]
[EndTime "15:14:03 PDT"]
[Termination "xakevicius91 won by resignation"]

1. e4 c5 2. Nf3 e6 3. d4 cxd4 4. Nxd4 Nc6 5. Nc3 Qc7 6. Be2 a6 7. O-O Nf6 8. Be3 Be7 9. f4 d6 10. Nxc6 bxc6 11. Bf3 Bd7 12. Qd2 e5 13. fxe5 dxe5 14.
Na4 c5 15. Nxc5 Bxc5 16. Bxc5 Qxc5+ 17. Kh1 Be6 18. b4 Qe7 19. Qc3 O-O 20. Qxe5 Qxb4 21. Qf4 Rad8 22. e5 Qxf4 0-1

[Event "Late-Titled-Tuesday-Blitz-March-26-2024"]
[Site "Chess.com"]
[Date "2024.03.26"]
[Round "7"]
[White "sacrifoice"]
[Black "tgpgoat"]
[Result "1-0"]
[WhiteElo "2246"]
[BlackElo "2372"]
[TimeControl "180+1"]
[EndTime "15:14:06 PDT"]
[Termination "sacrifoice won by resignation"]

1. e4 h5 2. d4 g6 3. Bc4 Bg7 4. Nf3 Nh6 5. O-O e6 6. e5 O-O 7. Bg5 Qe8 8. Qd2 Nf5 9. Nc3 d5 10. Bd3 Nd7 11. h3 c5 12. Bxf5 gxf5 13. Nb5 Nxe5 14.
dxe5 Qxb5 15. Bf6 Kh7 16. Qg5 Bh6 17. Qxh5 1-0

[Event "Late-Titled-Tuesday-Blitz-March-26-2024"]
[Site "Chess.com"]
[Date "2024.03.26"]
[Round "7"]
[White "Agibileg"]
[Black "Payyappat"]
[Result "0-1"]
[WhiteElo "2741"]
[BlackElo "2537"]
[TimeControl "180+1"]
[EndTime "15:14:12 PDT"]
[Termination "Payyappat won by resignation"]

1. d4 Nf6 2. c4 c5 3. d5 e6 4. Nc3 exd5 5. cxd5 d6 6. e4 g6 7. Bd3 Bg7 8. h3 O-O 9. Nf3 b5 10. Nxb5 Nxe4 11. Bxe4 Re8 12. Ng5 Bf5 13. f3 h6 14.
Nxf7 Qh4+ 15. Kf1 Bxe4 16. Nfxd6 Bd3+ 17. Kg1 Re1+ 18. Qxe1 Qxe1+ 19. Kh2 Qa5 20. a4 a6 21.
Nb7 Qb6 22. N5d6 Be5+ 23. f4 Bxd6 24. Nxd6 Qxd6 0-1

[Event "Late-Titled-Tuesday-Blitz-March-26-2024"]
[Site "Chess.com"]
[Date "2024.03.26"]
[Round "7"]
[White "Matrix3x3a"]
[Black "Mops_2004"]
[Result "0-1"]
[WhiteElo "2606"]
[BlackElo "2794"]
[TimeControl "180+1"]
[EndTime "15:14:45 PDT"]
[Termination "Mops_2004 won by resignation"]

1. d4 g6 2. c4 Bg7 3. Nc3 d6 4. Nf3 e5 5. dxe5 dxe5 6. Qxd8+ Kxd8 7. g3 Be6 8. Ng5 Bxc4 9. b3 h6 10. bxc4 hxg5 11. Bxg5+ Kc8 12. Bg2 Bh6 13. Bxh6 Nxh6 14. Rb1 c6 15. Ne4 Kc7 16. O-O Na6 17. Rfd1 Rad8 18. Nc3 Nc5 19. Bf3 Nf5 20. e3 Nd6 21. Be2 Nde4 22. Nxe4 Nxe4 23. Re1 Rd2 24. Ra1 Nxf2 25.
Kxf2 Rxh2+ 0-1

[Event "Late-Titled-Tuesday-Blitz-March-26-2024"]
[Site "Chess.com"]
[Date "2024.03.26"]
[Round "7"]
[White "CaspiIsrael"]
[Black "DinaBelenkaya"]
[Result "1-0"]
[WhiteElo "2665"]
[BlackElo "2493"]
[TimeControl "180+1"]
[EndTime "15:14:45 PDT"]
[Termination "CaspiIsrael won by resignation"]

1. e4 c6 2. d3 d5 3. Nd2 g6 4.
Ngf3 Bg7 5. g3 e5 6. Bg2 Ne7 7. O-O O-O 8. b4 a6 9. Bb2 Nd7 10. a4 b5 11. axb5 axb5 12. Rxa8 Nb6 13. Ra2 d4 14.
Nb3 Be6 15. Ng5 Bc8 16. f4 f6 17. Nf3 Be6 18. fxe5 fxe5 19. Ng5 Bc8 20. Bh3 Nf5 21.
Bc1 h6 22. exf5 hxg5 23. Bg2 gxf5 24. Qh5 f4 25. Be4 Bf5 26. Bxf5 Rxf5 27. Ra7 Nd5 28. Nc5 Qc8 29. Qg6 1-0

[Event "Late-Titled-Tuesday-Blitz-March-26-2024"]
[Site "Chess.com"]
[Date "2024.03.26"]
[Round "7"]
[White "cakeuvdort"]
[Black "Godzillator"]
[Result "1-0"]
[WhiteElo "2217"]
[BlackElo "2370"]
[TimeControl "180+1"]
[EndTime "15:14:58 PDT"]
[Termination "cakeuvdort won by checkmate"]

1. Nf3 f5 2. e3 Nf6 3. b3 g6 4. Bb2 Bg7 5. h4 O-O 6. d4 d6 7. h5 Nxh5 8. Rxh5 gxh5 9. Ng5 Qe8 10.
Bc4+ e6 11. Nc3 Qg6 12. Nh3 Qxg2 13. Nf4 Qh1+ 14. Bf1 h4 15. Qh5 Qh2 16. Bg2 h3 17. O-O-O e5 18. Bd5+ Kh8 19. Ng6# 1-0

[Event "Late-Titled-Tuesday-Blitz-March-26-2024"]
[Site "Chess.com"]
[Date "2024.03.26"]
[Round "7"]
[White "SuperJesus88"]
[Black "Airquake"]
[Result "1-0"]
[WhiteElo "2505"]
[BlackElo "2661"]
[TimeControl "180+1"]
[EndTime "15:14:59 PDT"]
[Termination "SuperJesus88 won by checkmate"]

1. e4 b6 2. d4 Bb7 3. Bd3 g6 4. Nf3 Bg7 5. O-O e6 6. c4 Ne7 7.
Nc3 O-O 8. Be3 d5 9. cxd5 exd5 10. e5 Nd7 11. Qd2 c5 12. Bh6 cxd4 13. Nb5 Nc6 14. Bxg7 Kxg7 15. Nd6 Qc7 16. Nf5+ Kh8 17.
Qh6 Rg8 18. Ng5 Nf8 19. f4 gxf5 20. Bxf5 Rg7 21. Rf3 Bc8 22. Bxh7 Nxh7 23. Nxh7 Rxh7 24. Qf8# 1-0

[Event "Late-Titled-Tuesday-Blitz-March-26-2024"]
[Site "Chess.com"]
[Date "2024.03.26"]
[Round "7"]
[White "HanSchut"]
[Black "CFalcons8"]
[Result "0-1"]
[WhiteElo "2279"]
[BlackElo "2405"]
[TimeControl "180+1"]
[EndTime "15:15:05 PDT"]
[Termination "CFalcons8 won by resignation"]

1. e4 e6 2. d4 d5 3. e5 c5 4. c3 Nc6 5. Nf3 Qb6 6. Bd3 Bd7 7.
dxc5 Bxc5 8. b4 Bxf2+ 9. Ke2 d4 10. Rf1 Be3 11. Bxe3 dxe3 12. Na3 O-O-O 13. Nc4 Qc7 14.
Nd6+ Kb8 15. Nxf7 Nge7 16. Nxh8 Rxh8 17. Kxe3 Nd5+ 18. Kd2 Nxe5 19. Nxe5 Qxc3+ 20. Ke2 Qxe5+ 21. Kd2 Qe3+ 22. Kc2 Ba4+ 0-1

[Event "Late-Titled-Tuesday-Blitz-March-26-2024"]
[Site "Chess.com"]
[Date "2024.03.26"]
[Round "7"]
[White "Firouzja2003"]
[Black "snowlord"]
[Result "1-0"]
[WhiteElo "3113"]
[BlackElo "2953"]
[TimeControl "180+1"]
[EndTime "15:15:14 PDT"]
[Termination "Firouzja2003 won by resignation"]

1. e4 c5 2. Nf3 d6 3. d4 cxd4 4.
Nxd4 Nf6 5. Nc3 a6 6. Bc4 e6 7.
Bb3 b5 8. a3 Be7 9. Be3 Bd7 10.
g4 h6 11. h4 Nc6 12. Rg1 g6 13. g5 hxg5 14. hxg5 Nh5 15. Qd2 Rc8 16. O-O-O Ne5 17. f4 Nc4 18. Bxc4 Rxc4 19. f5 Qc7 20. f6 Nxf6 21.
gxf6 Bxf6 22. Rh1 Rxh1 23. Rxh1 Be5 24. Nf3 Bf6 25. Bg5 Qd8 26. Rh8+ 1-0

[Event "Late-Titled-Tuesday-Blitz-March-26-2024"]
[Site "Chess.com"]
[Date "2024.03.26"]
[Round "7"]
[White "GiorgianBarbosa"]
[Black "publicaccountcze"]
[Result "0-1"]
[WhiteElo "2516"]
[BlackElo "2287"]
[TimeControl "180+1"]
[EndTime "15:15:29 PDT"]
[Termination "publicaccountcze won by resignation"]

1. b3 e5 2. Bb2 Nc6 3. Nf3 e4 4. Nd4 Nf6 5. e3 Nxd4 6. Bxd4 c5 7.
Bb2 d5 8. Bb5+ Bd7 9. Bxf6 Qxf6 10. Bxd7+ Kxd7 11. Nc3 Kc6 12. Qe2 a6 13. O-O-O Bd6 14. d4 Rhd8 15. Kb1 Rac8 16. Rd2 cxd4 17. exd4 Kb6 18.
Na4+ Ka7 19. Rhd1 Bf4 20. Nc5 Bxd2 21. Rxd2 Qg5 22. g3 Qe7 23. Kb2 f5 24. c3 g5 25. Rc2 f4 26. c4 Qf6 27. Rd2 Rxc5 0-1

[Event "Late-Titled-Tuesday-Blitz-March-26-2024"]
[Site "Chess.com"]
[Date "2024.03.26"]
[Round "7"]
[White "elchacal664"]
[Black "MoldyTofu"]
[Result "0-1"]
[WhiteElo "2252"]
[BlackElo "2061"]
[TimeControl "180+1"]
[EndTime "15:15:31 PDT"]
[Termination "MoldyTofu won by resignation"]

1. e4 g6 2. Nc3 Bg7 3. f4 d6 4. Nf3 e5 5. Bc4 Ne7 6. d3 O-O 7. O-O Nbc6 8. Bb3 a6 9. Qe1 b5 10. Qh4 Bb7 11. f5 gxf5 12. Bg5 Kh8 13. Rae1 f6 14. Bh6 Bxh6 15. Qxh6 Ng8 16. Ng5 fxg5 17.
Qxh7+ Kxh7 18. exf5 Kg7 19. Ne4 Nd4 20. Bxg8 Bxe4 21.
Rxe4 Kxg8 22. g4 Kg7 23. c3 Nc6 24. Kg2 Rf6 25. h3 Qh8 26. Rf3 Qh7 27. Re2 Rh8 28. a4 Kf7 29. Re4 Rh6 30. axb5 Rxh3 0-1